AoeStats
← hebus107

Lombardia

510166611Analyzed
3v3 RM · 2d ago on Sep 29, 2026· 97m 46s· 6 players
Game mode
Random Map
Map size
Normal (6 player)
Population
200
Speed
Normal
Resources
Standard
Victory
Conquest
Starting age
Dark Age
Ending age
Imperial Age
RankedLock teamsTeams togetherTeam positionsShared explorationLock speedFull tech treeHidden civsTurbo modeCheats
Victory
Defeat
🇫🇷 Lithuanians · France
845
+15
🇫🇷 Danes · France
763
+19
🇫🇷 Vietnamese · France
720
+20
🇨🇭 Lithuanians · Switzerland
848
-19
🇫🇷 Spanish · France
833
-19
🇨🇦 Mongols · Canada
781
-16
XRT Zarke
0:28 Loom
10:25 Feudal Age
11:04 Double-Bit Axe
11:00 Horse Collar
15:23 Wheelbarrow
15:38 Wheelbarrow
20:10 Castle Age
21:33 Bow Saw
21:24 Heavy Plow
21:48 Bloodlines
21:38 Husbandry
24:04 Hand Cart
29:41 Scale Barding Armor
29:47 Forging
31:31 Chain Barding Armor
32:32 Iron Casting
35:13 Imperial Age
37:18 Plate Barding Armor
36:05 Elite Leitis
37:07 Conscription
44:21 Heavy Cavalry Archer
45:08 Padded Archer Armor
44:59 Fletching
56:33 Caravan
XxAlexyzFxX42
0:53 Loom
11:41 Feudal Age
15:14 Double-Bit Axe
17:54 Horse Collar
20:25 Castle Age
24:12 Squires
27:12 Fletching
27:23 Padded Archer Armor
28:14 Bow Saw
31:45 Elite Skirmisher
32:42 Gold Mining
32:42 Stone Mining
32:58 Heavy Plow
32:24 Pikeman
33:04 Bodkin Arrow
33:25 Leather Archer Armor
33:12 Scale Mail Armor
34:42 Thumb Ring
35:54 Wheelbarrow
36:57 Hand Cart
36:58 Chatras
41:18 Imperial Age
39:55 Stone Shaft Mining
43:57 Chemistry
42:38 Treadmill Crane
43:36 Husbandry
43:47 Bloodlines
46:14 Paper Money
48:18 Crop Rotation
50:02 Imperial Skirmisher
53:20 Halberdier
54:06 Bracer
54:36 Ring Archer Armor
54:23 Chain Mail Armor
54:19 Forging
54:15 Scale Barding Armor
55:39 Two-Man Saw
57:18 Elite Battle Elephant
59:01 Iron Casting
61:08 Plate Mail Armor
60:59 Chain Barding Armor
68:47 Plate Barding Armor
71:18 Elite Rattan Archer
85:35 Ballistics
Elyo61
2:24 Loom
11:37 Feudal Age
17:49 Castle Age
18:18 Double-Bit Axe
20:06 Horse Collar
21:25 Wheelbarrow
25:03 Hand Cart
26:46 Bow Saw
34:20 Forging
37:49 Stone Mining
42:04 Imperial Age
39:43 Gold Mining
40:35 Gambesons
40:51 Squires
42:42 Iron Casting
42:08 Scale Mail Armor
41:54 Hamask
42:39 Heavy Plow
46:09 Gold Shaft Mining
46:12 Stone Shaft Mining
45:57 Pikeman
48:08 Halberdier
52:25 Blast Furnace
51:42 Chain Mail Armor
61:04 Plate Mail Armor
63:45 Man-at-Arms
69:27 Elite Jomsviking
70:44 Long Swordsman
74:13 Two-Handed Swordsman
75:26 Champion
79:57 Elite Skirmisher
80:50 Imperial Skirmisher
86:12 Arson
87:10 Thumb Ring
86:27 Cranequins
hebus107
0:30 Loom
12:21 Feudal Age
13:33 Gold Mining
15:28 Wheelbarrow
14:50 Double-Bit Axe
14:48 Horse Collar
19:37 Stone Mining
26:05 Castle Age
26:21 Bloodlines
27:00 Forging
26:51 Scale Mail Armor
27:49 Squires
27:10 Pikeman
28:15 Husbandry
28:38 Hand Cart
29:37 Bow Saw
29:45 Town Watch
31:24 Stone Shaft Mining
31:48 Caravan
33:49 Ballistics
33:25 Murder Holes
34:59 Town Patrol
35:27 Heavy Plow
41:13 Imperial Age
42:13 Iron Casting
41:54 Chain Mail Armor
42:43 Conscription
41:48 Elite Conquistador
43:01 Halberdier
45:14 Blast Furnace
44:44 Plate Mail Armor
64:06 Chemistry
62:59 Arrowslits
63:24 Fortified Wall
76:56 Scale Barding Armor
95:31 Two-Man Saw
pigmeroid
5:40 Loom
12:18 Feudal Age
12:56 Horse Collar
13:07 Double-Bit Axe
14:14 Wheelbarrow
20:00 Castle Age
20:21 Scale Barding Armor
23:05 Bow Saw
24:23 Squires
24:37 Forging
25:03 Husbandry
25:15 Bloodlines
26:06 Heavy Plow
30:17 Chain Barding Armor
30:20 Fervor
29:37 Pikeman
31:02 Wheelbarrow
31:08 Iron Casting
31:21 Scale Mail Armor
32:22 Town Watch
35:15 Hand Cart
35:01 Town Patrol
36:16 Ballistics
39:46 Imperial Age
38:09 Sanctity
39:03 Murder Holes
39:25 Caravan
40:10 Thumb Ring
40:55 Conscription
40:53 Fortified Wall
40:57 Elite Leitis
42:24 Plate Barding Armor
46:27 Elite Skirmisher
50:10 Tower Shields
52:08 Tower Shields
53:49 Padded Archer Armor
53:39 Fletching
58:14 Tower Shields
59:59 Leather Archer Armor
59:39 Bodkin Arrow
62:05 Chemistry
61:17 Masonry
60:47 Treadmill Crane
61:20 Bracer
61:51 Ring Archer Armor
68:04 Light Cavalry
DeVinci_Qc
0:30 Loom
11:24 Feudal Age
11:51 Double-Bit Axe
11:49 Horse Collar
17:25 Wheelbarrow
20:49 Castle Age
19:21 Stone Mining
19:22 Gold Mining
21:51 Bow Saw
21:49 Heavy Plow
28:04 Scale Mail Armor
32:55 Imperial Age
30:42 Hand Cart
30:12 Town Watch
33:13 Nomads
34:19 Conscription
35:15 Masonry
35:16 Fortified Wall
36:35 Forging
37:16 Drill
36:17 Elite Mangudai
36:28 Capped Ram
38:40 Siege Ram
40:11 Caravan
40:42 Coinage
41:32 Town Patrol
41:56 Elite Steppe Lancer
46:56 Banking
55:06 Hoardings
55:23 Scale Barding Armor
55:33 Chain Mail Armor
55:46 Pikeman
56:26 Squires
56:12 Arson
76:21 Plate Mail Armor
76:26 Iron Casting
76:12 Chain Barding Armor
83:05 Blast Furnace
Connection lost

Rejoining the realm…

Still unreachable

The connection could not be restored.

Session expired

The server has moved on; the page needs a fresh start.